 Dungeon Crawl Stone Soup version 0.25.1-2-g60ff931df9 (webtiles) character file.

Game seed: 13305809224212177809

2481 H0rd4k the Insei (level 9, -2/59 HPs)
             Began as an Octopode Transmuter on Aug 3, 2020.
             Was an Initiate of Gozag.
             Killed from afar by Harold (8 damage)
             ... with an iceblast
             ... on level 9 of the Dungeon.
             The game lasted 00:13:27 (10323 turns).

H0rd4k the Insei (Octopode Transmuter)             Turns: 10323, Time: 00:13:28

Health: -2/59      AC:  1    Str:  9    XL:     9   Next: 51%
Magic:  17/17      EV:  8    Int: 20    God:    Gozag
Gold:   758        SH:  0    Dex: 13    Spells: 8/19 levels left

rFire    + . .     SeeInvis .     - Unarmed
rCold    + . .     Gourm    .   (no shield)
rNeg     . . .     Faith    .   (helmet restricted)
rPois    .         Spirit   .   s - amulet of reflection
rElec    .         Reflect  +   f - ring of protection from fire
rCorr    .         Harm     .   (no ring)
MR       +....                  (no ring)
Stlth    ++++......             (no ring)
HPRegen  0.19/turn              (no ring)
MPRegen  0.15/turn              (no ring)
                                (no ring)
                                (no ring)

@: about to teleport, appendage, gold aura, held
A: almost no armour, stealthy swim, amphibious, 8 rings, constrict 8, tentacle
spike 3, camouflage 1, clever 1, cold resistance 1, magic resistance 1, robust
1, gelatinous body 1
a: End Transformation, Potion Petition, Call Merchant, Bribe Branch, Renounce
Religion


You were on level 9 of the Dungeon.
You worshipped Gozag.
Gozag was pleased with you.
You were not hungry.
One of your tentacles had a temporary spike.
You visited 1 branch of the dungeon, and saw 9 of its levels.

You collected 858 gold pieces.
You paid 100 gold pieces to Gozag.

Inventory:

Missiles
 a - 78 arrows
 o - 7 boomerangs (quivered)
Magical Staves
 i - an uncursed staff of poison
 y - an uncursed staff of wizardry {unknown}
Jewellery
 f - a ring of protection from fire (left tentacle)
 r - an uncursed amulet of magic regeneration
 s - an amulet of reflection (around mantle)
Wands
 m - a wand of random effects (9)
 z - a wand of iceblast (12)
Scrolls
 b - a scroll of immolation {unknown}
 d - a scroll of fear
 e - 2 scrolls of teleportation
 g - a scroll of identify
 h - a scroll of blinking {unknown}
 j - 5 scrolls of noise
 k - 3 scrolls of remove curse {unknown}
 l - a scroll of enchant weapon {unknown}
 q - 2 scrolls of amnesia {unknown}
Potions
 n - a potion of heal wounds
 p - 2 potions of brilliance
 u - a potion of might
 v - a potion of resistance
 w - a potion of cancellation
 x - a potion of haste
Comestibles
 c - 12 rations


   Skills:
 + Level 2.0 Fighting
 + Level 4.0 Dodging
 + Level 5.8 Stealth
 + Level 7.8 Unarmed Combat
 * Level 5.9 Spellcasting
 * Level 5.8 Transmutations
 + Level 1.3 Poison Magic
 + Level 0.4 Evocations


You had 8 spell levels left.
You knew the following spells:

 Your Spells              Type           Power        Failure   Level  Hunger
a - Beastly Appendage     Tmut           ####..       1%          1    None
b - Sticks to Snakes      Tmut           ####....     1%          2    None
c - Spider Form           Tmut/Pois      ###.......   7%          3    ##.....
d - Blade Hands           Tmut           ####......   26%         5    #####..

Your spell library contained the following spells:

 Spells                   Type           Power        Failure   Level  Hunger
 Ice Form                 Ice/Tmut       ###.....     32%         4    ####...


Dungeon Overview and Level Annotations

Branches:
Dungeon (9/15)             Temple (0/1) D:6
   Lair: D:8-11         Orc: D:9-12

Altars:
Ashenzari
Dithmenos
Elyvilon
Gozag
Kikubaaqudgha
Nemelex Xobeh
Okawaru
Xom
Yredelemnul
The Shining One

Annotations:
D:3 exclusion: downstairs
D:5 1 runed translucent door, exclusions: door and 2 downstairs, Crazy Yiuf, Grinder
D:7 exclusion: killer bee
D:8 exclusion: hippogriff
D:9 Harold


Innate Abilities, Weirdness & Mutations

You cannot wear most types of armour.
You are very stealthy in the water. (Stealth+)
You are amphibious.
You can wear up to eight rings at the same time.
You can use your tentacles to constrict eight enemies at once.
Your skin changes colour to match your surroundings (Stealth+).
Your rubbery body absorbs attacks. (AC +1, EV +1)
One of your tentacles bears a large vicious spike.
Your mind is acute. (Int +2)
Your flesh is cold resistant. (rC+)
You are resistant to hostile enchantments. (MR+)
You are robust. (+10% HP)


Message History

Items here: $ )) [ 21 gold pieces; a +0 dagger; a +0 robe; a +0 dagger Harold the Weathered comes into view.
He is wielding a +1 glaive of freezing, wearing a +0 chain mail of magic resistance and carrying a wand of iceblast (7).
Harold shouts!
As you read the scroll of teleportation, it crumbles to dust.
You feel strangely unstable.
Harold throws a throwing net.
The throwing net hits you.
You become entangled in the net!
The hippogriff barely misses you. The hippogriff misses you.
The hippogriff claws you.
* * * LOW HITPOINT WARNING * * *
You struggle against the net.
The quokka bites you.
* * * LOW HITPOINT WARNING * * *
The hippogriff closely misses you. The hippogriff pecks you.
* * * LOW HITPOINT WARNING * * *
The hippogriff claws you.
* * * LOW HITPOINT WARNING * * *
Harold zaps a wand.
The mass of ice explodes!
The iceblast engulfs you! You partially resist.
You die...
Your body crumbles into a pile of gold.

#.#####.#
.......$# ## #...+
.# #.#.# ..#
#.###...# ..##
#.......###+###@..
#####.#.........#
#.##$###r#<##
#.......H@#
####$###### #$#
#.# ######.#
#......#
#.####.#### #
#.......#
#.#.##.##.# #


You could see Harold, a hippogriff and a quokka.

Vanquished Creatures
  A wyvern (D:9)
  An orc warrior (D:6)
  An ice beast (D:6)
  5 ogres
  2 phantoms
  2 bullfrogs
  3 scorpions
  3 killer bees (D:7)
  A bullfrog zombie (D:8)
  2 crimson imps (D:6)
  3 orc priests
  7 hounds
  A jelly (D:6)
  8 orc wizards
  A bullfrog skeleton (D:5)
  An iguana (D:5)
  5 worker ants
  8 gnolls
  11 adders
  2 oozes
  An adder zombie (D:6)
  7 worms
  3 dart slugs
  5 leopard geckos
  23 orcs
  A ball python (D:6)
  6 giant cockroaches
  6 goblins
  7 hobgoblins
  7 jackals
  6 kobolds
  3 quokkas
  10 bats
  7 frilled lizards
  A leopard gecko skeleton (D:4)
  A quokka skeleton (D:4)
  A quokka zombie (D:9)
  7 rats
170 creatures vanquished.

Notes
Turn   | Place    | Note
-------+----------+-------------------------------------------
     0 | D:1      | H0rd4k the Octopode Transmuter began the quest for the Orb.
     0 | D:1      | Reached XP level 1. HP: 13/13 MP: 3/3
   165 | D:1      | Reached XP level 2. HP: 16/18 MP: 5/5
   864 | D:1      | Reached XP level 3. HP: 22/23 MP: 6/6
  1115 | D:2      | Learned a level 2 spell: Sticks to Snakes
  1119 | D:2      | Learned a level 3 spell: Spider Form
  1713 | D:2      | Reached skill level 1 in Stealth
  1909 | D:2      | Reached XP level 4. HP: 28/28 MP: 6/8
  2058 | D:2      | Found a shimmering altar of Xom.
  2419 | D:3      | Found an ancient bone altar of Kikubaaqudgha.
  2468 | D:3      | Found a shadowy altar of Dithmenos.
  3406 | D:4      | Noticed a bullfrog
  3732 | D:4      | Killed a bullfrog
  3732 | D:4      | Reached skill level 4 in Unarmed Combat
  3732 | D:4      | Reached XP level 5. HP: 28/33 MP: 7/9
  4068 | D:5      | Entered Level 5 of the Dungeon
  4165 | D:4      | Reached XP level 6. HP: 15/38 MP: 5/10
  4178 | D:4      | Gained mutation: You are resistant to hostile enchantments.
                  | (MR+) [potion of mutation]
  4178 | D:4      | Gained mutation: Your mind is acute. (Int +2) [potion of
                  | mutation]
  4178 | D:4      | Gained mutation: You are robust. (+10% HP) [potion of
                  | mutation]
  4178 | D:4      | Gained mutation: Your flesh is cold resistant. (rC+)
                  | [potion of mutation]
  4743 | D:4      | Reached skill level 5 in Unarmed Combat
  4743 | D:4      | Reached XP level 7. HP: 25/47 MP: 8/12
  5060 | D:4      | Found a basalt altar of Yredelemnul.
  5065 | D:4      | Found a glowing golden altar of the Shining One.
  5067 | D:4      | Noticed an angel
  5754 | D:5      | Found a sparkling altar of Nemelex Xobeh.
  5774 | D:5      | Found a white marble altar of Elyvilon.
  6052 | D:5      | Found an opulent altar of Gozag.
  6203 | D:5      | Became a worshipper of Gozag Ym Sagoz the Greedy
  6883 | D:5      | Noticed Grinder
  6919 | D:5      | Found a runed translucent door.
  6920 | D:5      | Noticed Crazy Yiuf
  7116 | D:5      | Reached XP level 8. HP: 29/52 MP: 14/14
  7286 | D:6      | Reached skill level 5 in Stealth
  7894 | D:6      | Reached skill level 6 in Unarmed Combat
  8132 | D:6      | Found a staircase to the Ecumenical Temple.
  8151 | D:6      | Found an iron altar of Okawaru.
  8236 | D:6      | Reached skill level 5 in Spellcasting
  8530 | D:6      | Reached skill level 5 in Transmutations
  8790 | D:6      | Found a shattered altar of Ashenzari.
  9046 | D:6      | Reached XP level 9. HP: 59/59 MP: 16/16
  9055 | D:6      | Learned a level 5 spell: Blade Hands
  9090 | D:6      | Reached skill level 7 in Unarmed Combat
  9316 | D:7      | Reached skill level 1 in Poison Magic
  9382 | D:7      | You fall into a shaft and drop 1 floor!
  9383 | D:8      | Noticed a centaur warrior
 10167 | D:7      | You fall into a shaft and drop 2 floors!
 10321 | D:9      | Noticed Harold
 10323 | D:9      | Killed from afar by Harold

Illustrated notes

Levels and vault maps discovered:
D:1:      dpeg_arrival_prison, layout_basic
D:2:      minmay_diamond_boxcup, layout_loops_cross, xom_teletrap_fun
D:3:      layout_loops_cross, nicolae_dithmenos_shadow_blocks,
          nicolae_overflow_hidden_temple, minmay_misc_feat_x
D:4:      layout_loops_ring, grunt_temple_overflow_holy_war, first_ration
D:5:      minmay_general_purpose_star, layout_loops_corners,
          kennysheep_little_box, nicolae_gozag_seed_capital,
          nicolae_ossuary_entry_monument, elyvilon_altar_5, uniq_grinder,
          uniq_crazy_yiuf_cottage
D:6:      layout_cave_pods, old_standard_altar, evilmike_ruin_ashenzari,
          minmay_temple_entry_hall
D:7:      layout_loops_corners, zin_academy,
          grunt_temple_overflow_forces_of_nature
D:8:      layout_loops_cross
D:9:      layout_loops_corners, lemuel_doored_altar, uniq_harold

Skill      XL: |  1  2  3  4  5  6  7  8  9 |
---------------+----------------------------+-----
Stealth        | 1 3 4 5 |  5.8
Unarmed Combat | 4 5 6 7 |  7.8
Spellcasting   | 3 4 5 |  5.9
Transmutations | 3 4 5 |  5.8
Dodging        | 3 4 |  4.0
Poison Magic   | 1 |  1.3
Fighting       | 2 |  2.0
Evocations     | |  0.4

Action                   |  1- 3 |  4- 6 |  7- 9 || total
-------------------------+-------+-------+-------++-------
Melee: Unarmed           |    82 |   120 |   330 ||   532
       Tentacles         |    17 |    17 |    35 ||    69
       Constrict         |    21 |    26 |    58 ||   105
       Punch             |     2 |     2 |     9 ||    13
       Kick              |     1 |    15 |    67 ||    83
 Cast: Beastly Appendage |     2 |    10 |    34 ||    46
       Spider Form       |       |     3 |     7 ||    10
       Sticks to Snakes  |       |       |     1 ||     1
Evoke: Wand              |       |     3 |     2 ||     5
  Use: Potion            |       |     4 |     3 ||     7
       Scroll            |       |       |     9 ||     9
 Stab: Sleeping          |     9 |     8 |     6 ||    23
       Distracted        |       |       |     2 ||     2
  Eat: Chunk             |     3 |     6 |     4 ||    13
       Ration            |       |     1 |     4 ||     5
Armor: Skin              |    10 |    10 |     7 ||    27
Dodge: Dodged            |    47 |    63 |   166 ||   276
Block: Other             |       |    10 |    54 ||    64
       Reflection        |       |       |     1 ||     1
